 Dungeon Sprint DCSS version 0.29-a0-925-g0a7a3d12f8 (webtiles) character file.

Game seed: 9214387965820913270

3797 Hipnos the Carver (level 9, 0/92 HPs)
             Began as a White Draconian Chaos Knight on July 29, 2022.
             Was a Plaything of Xom.
             Killed from afar by an electric eel (6 damage)
             ... with a bolt of electricity
             ... in the Dungeon (Sprint II: "The Violet Keep of Menkaure").
             The game lasted 00:16:06 (2935 turns).

Hipnos the Carver (White Draconian Chaos Knight)    Turns: 2935, Time: 00:16:07

Health: 0/92       AC:  9    Str: 13    XL:     9   Next: 96%
Magic:  9/9        EV: 13    Int: 17    God:    Xom [...*..]
Gold:   36         SH: 12    Dex: 14    Spells: 8/8 levels left

rFire   . . .      SeeInvis .   a - +0 falchion (chaos)
rCold   + . .      Faith    .   d - +4 kite shield {reflect}
rNeg    . . .      Spirit   .   (body armour unavailable)
rPois   +          Reflect  +   (helmet restricted)
rElec   .          Harm     .   (no cloak)
rCorr   .          Rampage  .   u - +0 pair of gloves
Will    .....      NoTele   +   g - +0 pair of boots {Fly}
Stlth   +++++.....              (no amulet)
HPRegen 0.25/turn               j - ring of poison resistance
MPRegen 0.11/turn               (no ring)

@: short of breath, flying, slowed, very slow
A: breathe frost, AC +7, unfitting armour, cold resistance 1, cold-blooded,
clever 1, wild magic 1
a: Breathe Frost, Renounce Religion


You were in the Dungeon.
You worshipped Xom.
You were a favourite toy of Xom.
You visited 1 branch You collected 1129 gold pieces.
You spent 1093 gold pieces at shops.

Inventory:

Hand Weapons
 a - a +0 falchion of chaos (weapon)
Armour
 d - a +4 kite shield of reflection (worn)
 g - a +0 pair of boots of flying (worn)
 u - a +0 pair of gloves (worn)
Jewellery
 j - a ring of poison resistance (left hand)
Scrolls
 h - 2 scrolls of blinking
 l - a scroll of vulnerability {unknown}
 r - a scroll of fear
 s - a scroll of enchant weapon {unknown}
 t - a scroll of butterflies
 v - a scroll of poison {unknown}
 w - a scroll of identify {unknown}
Potions
 c - 2 potions of curing
 e - 3 potions of haste
 f - 5 potions of magic
 i - 5 potions of lignification {unknown}
 k - 2 potions of cancellation {unknown}
 m - a potion of berserk rage
 o - 3 potions of resistance {unknown}
 p - 3 potions of flight {unknown}
Miscellaneous
 b - a piece from Xom's chessboard (15/15) (quivered)


   Skills:
 + Level 12.9 Fighting
 + Level 14.3 Long Blades
 + Level 7.6 Dodging
 + Level 11.2 Stealth
 + Level 2.7 Shields
 + Level 4.4 Evocations


You had 8 spell levels left.
You didn't know any spells.
Your spell library contained the following spells:

 Spells                   Type           Power      Damage    Failure   Level
 Magic Dart               Conj           0%         1d3       67%         1
 Ensorcelled Hibernation  Hex/Ice        0%         N/A       82%         2
 Passwall                 Tmut/Erth      0%         N/A       82%         2
 Stone Arrow              Conj/Erth      0%         3d7       95%         3
 Swiftness                Air            0%         N/A       95%         3
 Summon Ice Beast         Ice/Summ       0%         N/A       100%        4
 Lightning Bolt           Conj/Air       0%         1d11      100%        5
 Orb of Destruction       Conj           0%         9d5       100%        7


Dungeon Overview and Level Annotations

Branches:
Dungeon (1/1)

Altars:
Cheibriados
Dithmenos
Elyvilon
Fedhas
Gozag
Hepliaklqana
Kikubaaqudgha
Makhleb
Nemelex Xobeh
Okawaru
Qazlal
Ru
Sif Muna
Trog
Uskayaw
Vehumet
Wu Jian
Xom
Yredelemnul
Zin
Jiyva
Lugonu

Shops:
D :[[:(=?!!:!=![(

Annotations:
D exclusions: obsidian statue and oklob plant, Roxanne


Innate Abilities, Weirdness & Mutations

You can breathe waves of freezing cold which knock back foes.
Your icy white scales are hard. (AC +7)
You cannot fit into any form of body armour.
Your flesh is cold resistant. (rC+)
You are cold-blooded and may be slowed by cold attacks.
Your mind is acute. (Int +4, Str/Dex -1)
Your spells are a little harder to cast, but a little more powerful.


Message History

The bolt of electricity hits the electric eel.
The electric eel completely resists.
The bolt of electricity hits you.
* * * LOW HITPOINT WARNING * * *
The electric eel shoots out a bolt of lightning at you!
The bolt of electricity hits the electric eel.
The electric eel completely resists.
The bolt of electricity hits you.
* * * LOW HITPOINT WARNING * * *
The bolt of electricity misses you.
The electric eel shoots out a bolt of lightning at you!
The bolt of electricity hits the electric eel.
The electric eel completely resists.
The bolt of electricity misses you.
Aiming: Breathe Frost (4% risk of failure)
Press: ? - help, Shift-Dir - straight line, f - electric eel
Aim: an electric eel (rain, water, 48% to hit)
You exhale a wave of freezing cold.
The freezing breath hits the electric eel!
You kill the electric eel!
The freezing breath hits the electric eel!
The electric eel is heavily wounded.
The electric eel is blown backwards by the freezing wind.
The electric eel shoots out a bolt of lightning at you!
The bolt of electricity misses the electric eel.
The bolt of electricity hits the electric eel.
The electric eel completely resists.
The bolt of electricity misses you.
The electric eel shoots out a bolt of lightning at you!
The bolt of electricity hits the electric eel.
The electric eel completely resists.
The bolt of electricity hits you.
* * * LOW HITPOINT WARNING * * *
The electric eel shoots out a bolt of lightning at you!
The bolt of electricity hits the electric eel.
The electric eel completely resists.
The bolt of electricity hits you!
* * * LOW HITPOINT WARNING * * *
The electric eel shoots out a bolt of lightning at you!
The bolt of electricity hits the electric eel.
The electric eel completely resists.
The bolt of electricity misses you.
The electric eel shoots out a bolt of lightning at you!
The bolt of electricity hits the electric eel.
The electric eel completely resists.
The bolt of electricity hits you.
You die...
Xom is highly amused!

##!{H######≈≈####...####≈≈.§§
#?.H#$$+ ##≈≈≈#.##..#≈≈≈≈≈≈≈
#∩P$+$G#+ #'#≈##.####≈≈≈≈≈§≈
#:${#?##≈##)#≈≈##'##≈≈≈≈≈≈≈≈
#[.[###≈§§####≈≈≈≈≈≈≈≈≈≈≈≈§≈
##+###≈≈§§§ #'''#°''#≈§≈§≈≈
##§§§SS ##°°§°.≈≈##≈≈§##
##§§§SS##°§°.°°≈≈§##§§#[
+§§§SS@§§§≈°°≈.°≈≈+≈≈#'
#§§§S§##§§≈°°☼≈≈.##§≈≈≈
#§§§S§ ##○○°°☼§≈#######
#§§§§§ ####+####.§≈.≈≈ ##§§§#
#≈≈≈§≈.≈ ##§# +..≈≈.8.≈ ##
##..§§§.≈ ##..≈.≈. #######


You could see a great orb of eyes (asleep) and 8 electric eels.

Vanquished Creatures
  A boulder beetle (D)
  10 flying skulls (D)
  4 neqoxecs (D)
  A water moccasin (D)
  4 necrophages (D)
  An electric eel (D)
  A hell rat (D)
  3 worms (D)
  A tentacle (D)
26 creatures vanquished.

Vanquished Creatures (collateral kills)
  A flying skull (D)
1 creature vanquished.

Vanquished Creatures (others)
  A flying skull (D)
  Menkaure (D)
  A water moccasin (D)
  15 tentacles (D)
18 creatures vanquished.

Grand Total: 45 creatures vanquished

Notes
Turn   | Place    | Note
-------+----------+-------------------------------------------
     0 | D        | Hipnos the Draconian Chaos Knight began the quest for the
                  | Orb.
     0 | D        | Reached XP level 1. HP: 19/19 MP: 1/1
     1 | D        | Noticed a necrophage
     1 | D        | Noticed a necrophage
     1 | D        | Noticed a necrophage
     1 | D        | Noticed a necrophage
     5 | D        | Killed a necrophage
     5 | D        | XOM: potion effect (invisibility)
     6 | D        | Reached skill level 5 in Long Blades
     6 | D        | Reached XP level 2. HP: 30/30 MP: 2/2
     6 | D        | Reached XP level 3. HP: 37/37 MP: 3/3
     9 | D        | Killed a necrophage
    10 | D        | Reached skill level 6 in Long Blades
    10 | D        | Reached XP level 4. HP: 47/47 MP: 4/4
    14 | D        | Killed a necrophage
    15 | D        | Reached skill level 7 in Long Blades
    15 | D        | Reached skill level 1 in Stealth
    15 | D        | Reached XP level 5. HP: 53/53 MP: 5/5
    18 | D        | Reached skill level 8 in Long Blades
    18 | D        | Reached skill level 5 in Dodging
    19 | D        | Killed a water moccasin
    73 | D        | Noticed a boulder beetle
    73 | D        | Noticed a boulder beetle
    76 | D        | Noticed a neqoxec
    76 | D        | Noticed a neqoxec
    76 | D        | Noticed a neqoxec
    76 | D        | Noticed a neqoxec
    79 | D        | XOM: potion effect (haste)
    82 | D        | Killed a neqoxec
    83 | D        | Reached skill level 9 in Long Blades
    83 | D        | Reached XP level 6. HP: 56/66 MP: 6/6
    86 | D        | XOM: fog
    93 | D        | Noticed a ynoxinul
    93 | D        | a neqoxec changed into a ynoxinul
    93 | D        | XOM: polymorph neqoxec -> ynoxinul
   104 | D        | Noticed a neqoxec
   104 | D        | a ynoxinul changed into a neqoxec
   111 | D        | Killed a neqoxec
   111 | D        | XOM: cast spell 'Necromutation'
   112 | D        | Reached skill level 10 in Fighting
   112 | D        | Reached skill level 10 in Long Blades
   117 | D        | Killed a neqoxec
   118 | D        | Your scales start taking on an icy white colour.
   118 | D        | Reached XP level 7. HP: 33/73 MP: 7/7
   118 | D        | Gained mutation: Your flesh is cold resistant. (rC+) [White
                  | Draconian growth]
   139 | D        | Killed a neqoxec
   140 | D        | Reached skill level 11 in Long Blades
   140 | D        | Reached skill level 5 in Stealth
   260 | D        | Killed Menkaure
   334 | D        | XOM: scenery: 1 doors open
   474 | D        | XOM: scenery: 1 doors open
   478 | D        | Noticed an obsidian statue
   484 | D        | Found Lian's Weapon Shoppe.
   501 | D        | Found Reoniunn's Distillery.
   501 | D        | Found Sastrogiw's Jewellery Shoppe.
   501 | D        | Found Ceossyur's Distillery.
   501 | D        | Found Lacwust's Magic Scroll Emporium.
   501 | D        | Found Foiteok's Distillery.
   506 | D        | Banished a boulder beetle
   507 | D        | Reached skill level 12 in Long Blades
   507 | D        | Reached XP level 8. HP: 50/83 MP: 8/8
   598 | D        | Found Zaula's Antique Armour Emporium.
   598 | D        | Found Woupt's Book Shoppe.
   598 | D        | Found Idghol's Distillery.
   598 | D        | Found Ciurasoef's Antique Weapon Shoppe.
   598 | D        | Found Hixyalla's Book Emporium.
   640 | D        | XOM: summons 5 friendly demons
   666 | D        | Found Mellicw's Antique Armour Shoppe.
   666 | D        | Found Jese's Antique Armour Emporium.
   673 | D        | Found Otyik's Jewellery Emporium.
   673 | D        | Noticed a manticore
   673 | D        | XOM: polymorph quasit -> crimson imp
   678 | D        | Killed a boulder beetle
   679 | D        | Reached skill level 13 in Long Blades
   679 | D        | Reached skill level 1 in Evocations
   679 | D        | Reached XP level 9. HP: 60/90 MP: 9/9
   681 | D        | Noticed a manticore
   681 | D        | Noticed a manticore
   681 | D        | Noticed an oklob plant
   682 | D        | Found Saylyobb's Book Shoppe.
   692 | D        | Bought a scroll of acquirement for 728 gold pieces
   699 | D        | Acquired a +2 kite shield of reflection
   708 | D        | Bought a pair of glowing boots for 225 gold pieces
   756 | D        | XOM: cloud trail
   821 | D        | Noticed Roxanne
   824 | D        | Found a hazy altar of Hepliaklqana.
   825 | D        | Found a stormy altar of Qazlal.
   825 | D        | Found a viscous altar of Jiyva.
   825 | D        | Found a snail-covered altar of Cheibriados.
   825 | D        | Found a shadowy altar of Dithmenos.
   828 | D        | Identified the +1 plate armour "Ucised" {Will- Regen+ SInv}
   830 | D        | Found a sacrificial altar of Ru.
   831 | D        | Found an ornate altar of the Wu Jian Council.
   831 | D        | Found a shimmering blue altar of Sif Muna.
   831 | D        | Found an ancient bone altar of Kikubaaqudgha.
   831 | D        | Found a corrupted altar of Lugonu.
   831 | D        | Found a white marble altar of Elyvilon.
   831 | D        | Found a blossoming altar of Fedhas.
   835 | D        | Found a bloodstained altar of Trog.
   835 | D        | Found a burning altar of Makhleb.
   835 | D        | Found a shimmering altar of Xom.
   835 | D        | Found an opulent altar of Gozag.
   837 | D        | Noticed a polar bear
  1079 | D        | XOM: god gift: Xom's Secrets of the Armadillo {god gift}
  1080 | D        | Got Xom's Secrets of the Armadillo {god gift}
  1097 | D        | Found a sparkling altar of Nemelex Xobeh.
  1097 | D        | Found a hide-covered altar of Uskayaw.
  1098 | D        | Found an iron altar of Okawaru.
  1098 | D        | Found a radiant altar of Vehumet.
  1098 | D        | Found a glowing silver altar of Zin.
  1098 | D        | Found a basalt altar of Yredelemnul.
  1099 | D        | Noticed a yaktaur
  1106 | D        | Noticed a kraken
  1153 | D        | XOM: draining
  1461 | D        | XOM: summons friendly quasit
  1483 | D        | XOM: polymorph kraken -> kraken
  1485 | D        | Noticed a frost giant
  1485 | D        | a kraken changed into a frost giant
  1488 | D        | Noticed an eleionoma
  1492 | D        | Noticed a dire elephant
  1492 | D        | an eleionoma changed into a dire elephant
  1503 | D        | Noticed an alligator
  1503 | D        | a dire elephant changed into an alligator
  1504 | D        | Noticed a fire dragon
  1504 | D        | an alligator changed into a fire dragon
  1506 | D        | Noticed an alligator
  1508 | D        | an alligator changed into something unseen
  1510 | D        | Noticed a spark wasp
  1511 | D        | HP: 3/77 [spark wasp (glowing shapeshifter) (13)]
  1513 | D        | a spark wasp changed into something unseen
  1782 | D        | Noticed a stone giant
  1782 | D        | XOM: noise
  1787 | D        | XOM: butterfly on damage
  1788 | D        | Noticed a frost giant
  1788 | D        | a stone giant changed into a frost giant
  2155 | D        | Bought a potion of heal wounds for 70 gold pieces
  2155 | D        | Bought a potion of heal wounds for 70 gold pieces
  2193 | D        | XOM: potion effect (haste)
  2195 | D        | XOM: fake destruction
  2196 | D        | XOM: cast spell 'Discord'
  2200 | D        | Reached skill level 10 in Stealth
  2200 | D        | Reached skill level 1 in Shields
  2216 | D        | Reached skill level 14 in Long Blades
  2308 | D        | XOM: scenery: 1 doors open, 2 doors close
  2328 | D        | XOM: give mutations
  2328 | D        | Gained mutation: Your mind is acute. (Int +4, Str/Dex -1)
                  | [Xom's grace]
  2328 | D        | Gained mutation: Your spells are a little harder to cast,
                  | but a little more powerful. [Xom's grace]
  2596 | D        | XOM: fog
  2610 | D        | XOM: enchant monster (good)
  2841 | D        | XOM: scenery: 3 doors open
  2931 | D        | Noticed a great orb of eyes
  2935 | D        | Killed from afar by an electric eel

Illustrated notes

Levels and vault maps discovered:
D:        the_violet_keep_of_menkaure [sprint2_stairs_cluster_1,
          sprint2_shoproom, sprint2_temple, sprint2_basic_supplies,
          sprint2_obstacle_1, sprint2_obstacle_6, sprint2_obstacle_3,
          sprint2_obstacle_7, sprint2_obstacle_5, sprint2_timed_cluster_1,
          sprint2_smallroom_cluster_1, sprint2_smallroom_final_cluster_1,
          sprint2_transparent_cluster_1, sprint2_second_timed_cluster_1,
          sprint2_sniper_area_1, sprint2_heavy_combat_area_1,
          sprint2_mutation_trap_area_1, sprint2_forest_area_1,
          sprint2_light_combat_area_1, sprint2_behind_water_1,
          sprint2_near_end_vault_1]

Skill      XL: |  1  2  3  4  5  6  7  8  9 |
---------------+----------------------------+-----
Fighting       | 6 7 8 9 10 11 12 | 12.9
Long Blades    | 5 6 7 9 10 12 13 14 | 14.3
Dodging        | 3 4 5 6 7 |  7.6
Stealth        | 1 2 4 7 9 11 | 11.2
Evocations     | 1 4 |  4.4
Shields        | 2 |  2.7

Action                   |  1- 3 |  4- 6 |  7- 9 || total
-------------------------+-------+-------+-------++-------
Melee: Falchion          |     7 |    43 |   203 ||   253
       Tailslap          |       |     3 |    27 ||    30
       Punch             |       |     1 |     3 ||     4
 Abil: Breathe Frost     |       |       |     8 ||     8
Evoke: Piece from Xom's  |       |       |    16 ||    16
  Use: Potion            |     1 |       |     7 ||     8
       Scroll            |       |       |     6 ||     6
 Stab: Invisible         |     2 |     5 |       ||     7
       Petrified         |       |       |    10 ||    10
       Confused          |       |       |     2 ||     2
       Petrifying        |       |       |     3 ||     3
       Sleeping          |       |       |     2 ||     2
       Distracted        |       |       |     1 ||     1
Armor: Skin              |       |     1 |    26 ||    27
Dodge: Dodged            |     2 |     8 |    53 ||    63
Block: Kite shield       |       |       |    36 ||    36

Table legend: (Time is in decaauts)
 A = Elapsed time spent in this place.
 B = Non-inter-level travel time spent in this place.
 C = Inter-level travel time spent in this place.
 D = Time resting spent in this place.
 E = Time spent auto-exploring this place.
 F = Levels seen in this place.
 G = Mean time per level.
                   A        B        C        D        E       F      G
               +--------+--------+--------+--------+--------+-----+--------+
         Total |   2865 |   2865 |      0 |   2113 |      0 |   1 | 2865.0 |
       Dungeon |   2865 |   2865 |      0 |   2113 |      0 |   1 | 2865.0 |
               +--------+--------+--------+--------+--------+-----+--------+

Top non-repeatable levels by time:
       D: 2865 daAuts
